| TOP OF THE 1ST |
|
San Francisco Giants batting - Pitching for Milwaukee Brewers : RHP Alexis Fuentes
|
|
Pitching: RHP Alexis Fuentes
|
|
|
Batting: RHB Ricky Cruz
|
0-0: Called Strike 0-1: Ball 1-1: Called Strike 1-2: Foul Ball, location: 3F 1-2: Ball 2-2: Foul Ball, location: 2F 2-2: Ball 3-2: SOLO HOME RUN (Flyball, 89XD, EV 103.8 MPH), Distance : 415 ft
|
|
Batting: RHB Josh Nightingale
|
0-0: Called Strike 0-1: Swinging Strike 0-2: Foul Ball, location: 25FF 0-2: Ball 1-2: Foul Ball, location: 9LMF 1-2: Foul Ball, location: 5SF 1-2: Foul Ball, location: 2F 1-2: Ball 2-2: Fly out, F8 (Flyball, 78XD, EV 79.4 MPH)
|
|
Batting: LHB Jayden Etienne
|
0-0: Ball 1-0: SINGLE (Line Drive, 3D, EV 94.4 MPH)
|
|
Batting: RHB Chris Webster
|
0-0: Ball 1-0: Ball 2-0: Fielders Choice at 2nd, 1-4 (Groundball, 15, EV 67.5 MPH)
|
|
Batting: SHB Jake Agrusa
|
0-0: Ball 1-0: Called Strike Chris Webster steals 2nd base 1-1: Ball 2-1: Ground out 6-3 (Groundball, 6M, EV 91.3 MPH)
|
| Top of the 1st over - 1 run, 2 hits, 0 errors, 1 left on base; San Francisco 1 - Milwaukee 0 |
| BOTTOM OF THE 1ST |
|
Milwaukee Brewers batting - Pitching for San Francisco Giants : RHP Juliano Capela
|
|
Pitching: RHP Juliano Capela
|
|
|
Batting: LHB Chase Brown
|
0-0: Called Strike 0-1: Ball 1-1: Ground out 4-3 (Groundball, 34D, EV 103.8 MPH)
|
|
Batting: LHB Erick Rios
|
0-0: Swinging Strike 0-1: Hit by Pitch
|
|
Batting: LHB Adam Powers
|
0-0: Ball 1-0: Swinging Strike 1-1: Ball 2-1: Swinging Strike 2-2: Ball 3-2: Foul Ball, location: 2F 3-2: Ground out U3 (Groundball, 3, EV 103.8 MPH) Erick Rios to second
|
|
Batting: LHB Pat Yaeger
|
0-0: Ball 1-0: Called Strike 1-1: 2-RUN HOME RUN (Flyball, 7D, EV 100.0 MPH), Distance : 383 ft
|
|
Batting: LHB Steve McMenamy
|
0-0: Foul Ball, location: 2F 0-1: Ball 1-1: Swinging Strike 1-2: Strikes out looking
|
| Bottom of the 1st over - 2 runs, 1 hit, 0 errors, 0 left on base; San Francisco 1 - Milwaukee 2 |
| TOP OF THE 2ND |
|
San Francisco Giants batting - Pitching for Milwaukee Brewers : RHP Alexis Fuentes
|
|
Batting: SHB John Tortora
|
0-0: Called Strike 0-1: Called Strike 0-2: Ball 1-2: Foul Ball, location: 2LF 1-2: Ball 2-2: Ball 3-2: Base on Balls
|
|
Batting: LHB Ivan Escalante
|
0-0: Bunt missed! 0-1: Ball 1-1: Bunt - Flyout to 13! F1
|
|
Batting: RHB Sean Hamm
|
0-0: Ball 1-0: Foul Ball, location: 9LSF 1-1: Fielders Choice at 2nd, 5-4 (Groundball, 5, EV 75.0 MPH)
|
|
Batting: RHB Seth Kroc
|
0-0: Ball 1-0: Ball 2-0: Foul Ball, location: 5F 2-1: SINGLE (Line Drive, 34D, EV 108.8 MPH) Sean Hamm to second
|
|
Batting: RHB Ricky Cruz
|
0-0: Ball 1-0: Called Strike 1-1: Foul Ball, location: 2F 1-2: Fly out, F7 (Flyball, 7LSF, EV 92.5 MPH)
|
| Top of the 2nd over - 0 runs, 1 hit, 0 errors, 2 left on base; San Francisco 1 - Milwaukee 2 |
| BOTTOM OF THE 2ND |
|
Milwaukee Brewers batting - Pitching for San Francisco Giants : RHP Juliano Capela
|
|
Batting: LHB Josh Buffington
|
0-0: Called Strike 0-1: Fly out, F8 (Line Drive, 8RM, EV 85.6 MPH)
|
|
Batting: RHB Dave Cuozzo
|
0-0: Ball 1-0: Foul Ball, location: 2F 1-1: Called Strike 1-2: Fly out, F9 (Flyball, 89M, EV 95.6 MPH)
|
|
Batting: RHB Raul Hernandez
|
0-0: Foul Ball, location: 2F 0-1: Ball 1-1: Foul Ball, location: 5SF 1-2: Strikes out looking
|
| Bottom of the 2nd over - 0 runs, 0 hits, 0 errors, 0 left on base; San Francisco 1 - Milwaukee 2 |
| TOP OF THE 3RD |
|
San Francisco Giants batting - Pitching for Milwaukee Brewers : RHP Alexis Fuentes
|
|
Batting: RHB Josh Nightingale
|
0-0: Called Strike 0-1: Ball 1-1: Ball 2-1: Foul Ball, location: 3SF 2-2: Foul Ball, location: 2F 2-2: Ball 3-2: Foul Ball, location: 2F 3-2: Foul Ball, location: 3F 3-2: Foul Ball, location: 2F 3-2: Ground out 6-3 (Groundball, 6, EV 76.9 MPH)
|
|
Batting: LHB Jayden Etienne
|
0-0: Ball 1-0: DOUBLE (Line Drive, 78XD, EV 101.9 MPH)
|
|
Batting: RHB Chris Webster
|
0-0: Ball 1-0: Ball 2-0: Called Strike 2-1: Called Strike 2-2: Foul Ball, location: 2F 2-2: Foul Ball, location: 2F 2-2: Ball 3-2: Base on Balls
|
|
Batting: SHB Jake Agrusa
|
0-0: Called Strike 0-1: SINGLE (Groundball, 34S, EV 70.0 MPH) (infield hit) Jayden Etienne to third Chris Webster to second
|
|
Batting: SHB John Tortora
|
0-0: Swinging Strike 0-1: Swinging Strike 0-2: Foul Ball, location: 5FF 0-2: Ball 1-2: Ball 2-2: Foul Ball, location: 5F 2-2: Grounds into double play, 6-4-3 (Groundball, 6, EV 105.0 MPH)
|
| Top of the 3rd over - 0 runs, 2 hits, 0 errors, 2 left on base; San Francisco 1 - Milwaukee 2 |
| BOTTOM OF THE 3RD |
|
Milwaukee Brewers batting - Pitching for San Francisco Giants : RHP Juliano Capela
|
|
Batting: RHB Phil Stirling
|
0-0: SOLO HOME RUN (Flyball, 8LXD, EV 103.1 MPH), Distance : 425 ft
|
|
Batting: LHB Chase Brown
|
0-0: Ball 1-0: Foul Ball, location: 3FF 1-1: Ball 2-1: Fly out, F8 (Flyball, 8LXD, EV 100.0 MPH)
|
|
Batting: LHB Erick Rios
|
0-0: Called Strike 0-1: Ground out 4-3 (Groundball, 4, EV 90.6 MPH)
|
|
Batting: LHB Adam Powers
|
0-0: Swinging Strike 0-1: Ball 1-1: Ball 2-1: Swinging Strike 2-2: SINGLE (Line Drive, 7LM, EV 98.1 MPH)
|
|
Batting: LHB Pat Yaeger
|
0-0: Ball 1-0: Swinging Strike 1-1: Called Strike 1-2: Strikes out swinging
|
| Bottom of the 3rd over - 1 run, 2 hits, 0 errors, 1 left on base; San Francisco 1 - Milwaukee 3 |
| TOP OF THE 4TH |
|
San Francisco Giants batting - Pitching for Milwaukee Brewers : RHP Alexis Fuentes
|
|
Batting: LHB Ivan Escalante
|
0-0: Fly out, F6 (Line Drive, 6M, EV 68.8 MPH)
|
|
Batting: RHB Sean Hamm
|
0-0: Ball 1-0: Called Strike 1-1: Called Strike 1-2: Strikes out swinging
|
|
Batting: RHB Seth Kroc
|
0-0: Ball 1-0: Ball 2-0: Ball 3-0: Called Strike 3-1: Called Strike 3-2: Ground out 6-3 (Groundball, 6MS, EV 70.6 MPH)
|
| Top of the 4th over - 0 runs, 0 hits, 0 errors, 0 left on base; San Francisco 1 - Milwaukee 3 |
| BOTTOM OF THE 4TH |
|
Milwaukee Brewers batting - Pitching for San Francisco Giants : RHP Juliano Capela
|
|
Batting: LHB Steve McMenamy
|
0-0: Called Strike 0-1: Called Strike 0-2: Strikes out swinging, 2-3 out at first.
|
|
Batting: LHB Josh Buffington
|
0-0: Called Strike 0-1: Foul Ball, location: 2F 0-2: Ball 1-2: Strikes out swinging
|
|
Batting: RHB Dave Cuozzo
|
0-0: Called Strike 0-1: DOUBLE (Line Drive, 7LS, EV 95.0 MPH)
|
|
Batting: RHB Raul Hernandez
|
0-0: Ball 1-0: Ball 2-0: Called Strike 2-1: Called Strike 2-2: Foul Ball, location: 2F 2-2: Foul Ball, location: 5F 2-2: Ball 3-2: Fly out, F4 (Line Drive, 4D, EV 66.9 MPH)
|
| Bottom of the 4th over - 0 runs, 1 hit, 0 errors, 1 left on base; San Francisco 1 - Milwaukee 3 |
| TOP OF THE 5TH |
|
San Francisco Giants batting - Pitching for Milwaukee Brewers : RHP Alexis Fuentes
|
|
Batting: RHB Ricky Cruz
|
0-0: Ground out 6-3 (Groundball, 6, EV 105.0 MPH)
|
|
Batting: RHB Josh Nightingale
|
0-0: Called Strike 0-1: Fly out, F4 (Popup, 34, EV 61.3 MPH)
|
|
Batting: LHB Jayden Etienne
|
0-0: Ball 1-0: Called Strike 1-1: Foul Ball, location: 2F 1-2: Foul Ball, location: 2F 1-2: Foul Ball, location: 5SF 1-2: TRIPLE (Flyball, 8RXD, EV 110.6 MPH)
|
|
Batting: RHB Chris Webster
|
0-0: Ball 1-0: Called Strike 1-1: Fly out, F8 (Flyball, 8LD, EV 104.4 MPH)
|
| Top of the 5th over - 0 runs, 1 hit, 0 errors, 1 left on base; San Francisco 1 - Milwaukee 3 |
| BOTTOM OF THE 5TH |
|
Milwaukee Brewers batting - Pitching for San Francisco Giants : RHP Juliano Capela
|
|
Batting: RHB Phil Stirling
|
0-0: Ball 1-0: Ball 2-0: SINGLE (Groundball, 6MD, EV 109.4 MPH)
|
|
Batting: LHB Chase Brown
|
0-0: Ball 1-0: Called Strike 1-1: Ball 2-1: Called Strike 2-2: Foul Ball, location: 7LMF 2-2: Ball 3-2: Base on Balls Phil Stirling to second
|
|
Batting: LHB Erick Rios
|
0-0: Ball 1-0: Ball 2-0: Ball 3-0: Foul Ball, location: 7LSF 3-1: Called Strike 3-2: Base on Balls Phil Stirling to third Chase Brown to second
|
|
Batting: LHB Adam Powers
|
0-0: Ball 1-0: Called Strike 1-1: Ball 2-1: Fly out, F8 (Flyball, 78M, EV 90.6 MPH) Runner from 3rd tags up, SCORES, throw by CF Chase Brown to third
|
|
Batting: LHB Pat Yaeger
|
0-0: Swinging Strike 0-1: Called Strike 0-2: Foul Ball, location: 2F 0-2: Ball 1-2: Ball 2-2: Fly out, F7 (Flyball, 7D, EV 99.4 MPH) Runner from 3rd tags up, SCORES, no throw by LF
|
|
Batting: LHB Steve McMenamy
|
0-0: Ball 1-0: Ball 2-0: Fly out, F8 (Flyball, 8LM, EV 93.8 MPH)
|
| Bottom of the 5th over - 2 runs, 1 hit, 0 errors, 1 left on base; San Francisco 1 - Milwaukee 5 |
| TOP OF THE 6TH |
|
San Francisco Giants batting - Pitching for Milwaukee Brewers : RHP Alexis Fuentes
|
|
Pitching: RHP Fidel Gonzales
|
|
|
Batting: SHB Jake Agrusa
|
0-0: Called Strike 0-1: Ball 1-1: Ball 2-1: Ground out 4-3 (Groundball, 4, EV 96.3 MPH)
|
|
Batting: SHB John Tortora
|
0-0: Foul Ball, location: 2F 0-1: Fly out, F8 (Line Drive, 8RS, EV 86.3 MPH)
|
|
Batting: LHB Ivan Escalante
|
0-0: Foul Ball, location: 2F 0-1: Swinging Strike 0-2: Strikes out looking
|
| Top of the 6th over - 0 runs, 0 hits, 0 errors, 0 left on base; San Francisco 1 - Milwaukee 5 |
| BOTTOM OF THE 6TH |
|
Milwaukee Brewers batting - Pitching for San Francisco Giants : RHP Juliano Capela
|
|
Pitching: RHP Jose Aguilar
|
|
|
Batting: LHB Josh Buffington
|
0-0: Swinging Strike 0-1: Ball 1-1: Swinging Strike 1-2: Strikes out looking
|
|
Batting: RHB Dave Cuozzo
|
0-0: Called Strike 0-1: Foul Ball, location: 2F 0-2: Strikes out swinging wild pitch, reaches first!
|
|
Batting: RHB Raul Hernandez
|
0-0: Ball 1-0: Ball 2-0: Ball 3-0: Called Strike 3-1: Foul Ball, location: 2F 3-2: Fielders Choice at 2nd, 5-4 (Groundball, 56, EV 83.1 MPH)
|
|
Batting: RHB Phil Stirling
|
0-0: Ball 1-0: Ball 2-0: Ball 3-0: Called Strike 3-1: Called Strike 3-2: Foul Ball, location: 2F 3-2: Strikes out swinging
|
| Bottom of the 6th over - 0 runs, 0 hits, 0 errors, 1 left on base; San Francisco 1 - Milwaukee 5 |
| TOP OF THE 7TH |
|
San Francisco Giants batting - Pitching for Milwaukee Brewers : RHP Fidel Gonzales
|
|
Batting: RHB Sean Hamm
|
0-0: Called Strike 0-1: Swinging Strike 0-2: Ball 1-2: Ground out 6-3 (Groundball, 6, EV 84.4 MPH)
|
|
Batting: RHB Seth Kroc
|
0-0: Ground out 5-3 (Groundball, 56, EV 83.1 MPH)
|
|
Batting: RHB Ricky Cruz
|
0-0: Ball 1-0: Ground out 5-3 (Groundball, 56, EV 86.9 MPH)
|
| Top of the 7th over - 0 runs, 0 hits, 0 errors, 0 left on base; San Francisco 1 - Milwaukee 5 |
| BOTTOM OF THE 7TH |
|
Milwaukee Brewers batting - Pitching for San Francisco Giants : RHP Jose Aguilar
|
|
Batting: LHB Chase Brown
|
0-0: Ball 1-0: Called Strike 1-1: Swinging Strike 1-2: Strikes out swinging
|
|
Batting: LHB Erick Rios
|
0-0: Ball 1-0: Foul Ball, location: 2F 1-1: Swinging Strike 1-2: Strikes out swinging
|
|
Batting: LHB Adam Powers
|
0-0: Called Strike 0-1: Foul Ball, location: 2F 0-2: Ball 1-2: Strikes out looking
|
| Bottom of the 7th over - 0 runs, 0 hits, 0 errors, 0 left on base; San Francisco 1 - Milwaukee 5 |
| TOP OF THE 8TH |
|
San Francisco Giants batting - Pitching for Milwaukee Brewers : RHP Fidel Gonzales
|
|
Batting: RHB Josh Nightingale
|
0-0: Swinging Strike 0-1: Called Strike 0-2: Strikes out looking
|
|
Batting: LHB Jayden Etienne
|
0-0: Called Strike 0-1: Fly out, F9 (Line Drive, 9D, EV 98.8 MPH)
|
|
Batting: RHB Chris Webster
|
0-0: Ball 1-0: Fly out, F5 (Line Drive, 5L, EV 68.1 MPH)
|
| Top of the 8th over - 0 runs, 0 hits, 0 errors, 0 left on base; San Francisco 1 - Milwaukee 5 |
| BOTTOM OF THE 8TH |
|
Milwaukee Brewers batting - Pitching for San Francisco Giants : RHP Jose Aguilar
|
|
Pitching: LHP Ben Schaffer
|
|
|
Batting: LHB Pat Yaeger
|
0-0: Called Strike 0-1: Swinging Strike 0-2: Strikes out looking
|
|
Batting: LHB Steve McMenamy
|
0-0: Called Strike 0-1: SINGLE (Line Drive, 6D, EV 112.5 MPH)
|
|
Batting: LHB Josh Buffington
|
0-0: Called Strike 0-1: Foul Ball, location: 5FF 0-2: Strikes out looking
|
|
Batting: RHB Dave Cuozzo
|
0-0: Called Strike 0-1: Ball Steve McMenamy steals 2nd base 1-1: Ball 2-1: Ball 3-1: Base on Balls
|
|
Batting: RHB Raul Hernandez
|
0-0: Ball 1-0: Called Strike 1-1: Ball 2-1: Fielders Choice at 2nd, 6-4 (Groundball, 6, EV 109.4 MPH)
|
| Bottom of the 8th over - 0 runs, 1 hit, 0 errors, 2 left on base; San Francisco 1 - Milwaukee 5 |
| TOP OF THE 9TH |
|
San Francisco Giants batting - Pitching for Milwaukee Brewers : RHP Fidel Gonzales
|
|
Pitching: RHP Victor Portillo
|
|
|
Batting: SHB Jake Agrusa
|
0-0: Ball 1-0: Called Strike 1-1: Ball 2-1: Foul Ball, location: 5F 2-2: Ball 3-2: Foul Ball, location: 23FF 3-2: Base on Balls
|
|
Batting: SHB John Tortora
|
0-0: Ball 1-0: Ball 2-0: SINGLE (Line Drive, 78M, EV 85.6 MPH) Jake Agrusa to second
|
|
Batting: LHB Ivan Escalante
|
0-0: Ball 1-0: Grounds into double play, 1-4-3 (Groundball, 15S, EV 67.5 MPH) Jake Agrusa to third
|
|
Pinch Hitting: RHB Juan Navarro
|
0-0: Ball 1-0: Called Strike 1-1: Ground out 6-3 (Groundball, 6, EV 107.5 MPH)
|
| Top of the 9th over - 0 runs, 1 hit, 0 errors, 1 left on base; San Francisco 1 - Milwaukee 5 |
|